groovejumper, neutral female human Wizard --------- -------- |.......| #.......| |.......| #|......| |.......| #|..^<..| |.......| ###.......| ##........| ###-----.-- # |^......| ------### # ### -.------- ------ |.._.|### # # ##### #......#### |....|# ### ### # #|....| # --------- |....|# # # ### ###....{| ###|.[...[.| |.....# ----.- # ----.- ###|....| #..*?%.).| |....| |....| # |....| ### |....| |.*%@!([| ------ |.....# # |....+##### |....| |.(%.?/!| |..>.|# # |....|### ------ --------- ------### ---------# |.....# * |.......|# ------ ##........-# --------- groovejumper the Conjurer Experience level: 5 Strength: 13 Dexterity: 15 Constitution: 11 Intelligence: 18 Wisdom: 9 Charisma: 11 Health: 0(34) Energy: 5(27) AC: 7 Gold: 0 Moves: 1541 Your Inventory: Amulets H - a [cursed] pyramidal amulet [of restful sleep] Weapons a - a blessed +1 quarterstaff z - an [uncursed] rustproof [+0] athame named Magicbane [Magicbane] (weapon in hand) Armor b - a blessed +1 cloak of magic resistance (being worn) n - an uncursed +0 pair of riding gloves [leather] (being worn) Comestibles u - an uncursed tripe ration C - an [uncursed] food ration D - 2 [uncursed] cream pies E - an [uncursed] avacado Scrolls i - an uncursed scroll of confuse monster k - an uncursed scroll of create monster o - an uncursed scroll labeled ASHPD [of scare monster] B - an [uncursed] scroll labeled ZLORFIK [of remove curse] F - an [uncursed] scroll labeled VELOX NEB [of identify] I - an [uncursed] scroll labeled AQUE BRAGH [of taming] J - an [uncursed] scroll labeled ZELGO MER [of punishment] K - a [blessed] scroll labeled VELOX NEB [of identify] Spellbooks l - a blessed spellbook of force bolt m - an uncursed spellbook of detect unseen p - an uncursed spellbook of remove curse Potions f - an uncursed potion of water g - an uncursed potion of water h - an uncursed potion of healing s - 2 potions of unholy water A - an [uncursed] black potion [of sleeping] G - an [uncursed] potion of healing Rings d - an uncursed ring of see invisible e - an uncursed ring of invisibility (on right hand) t - a blessed [+1] engagement ring [of increase accuracy] Wands c - an uncursed wand of light (0:11) Tools q - an uncursed figurine of a newt Spells known in the end: Name Level Category Fail Memory a - force bolt 1 attack 0% [||||||||] b - detect unseen 3 divination 85% [||||||||] c - remove curse 3 clerical 85% [||||||||] Your skills at the end: Fighting Skills Weapon Skills quarterstaff [Basic / Expert] Spellcasting Skills attack spells [Basic / Expert] enchantment spells [Basic / Skilled] Final Attributes: You were devoutly aligned. Hunger level was 640. Your alignment was 16 / 17. Monster difficulty range was 0 - 4. Level difficulty was 3. You were magic-protected. You were invisible. Your luck was zero. You are dead. Vanquished creatures: 2 small mimics a floating eye a kitten a homunculus 5 orc zombies a wererat an iguana 4 geckos 9 jackals 2 foxes a goblin a grid bug a lichen 2 kobold zombies 7 newts 39 creatures vanquished. Voluntary challenges: You used a wielded weapon 24 times. You read items or engraved 2 times. You put on armor 2 times. You never genocided any monsters. You never polymorphed an object. You never changed form. You used no wishes. You never wrote Elbereth's name. You never encountered a bones level. You never used any Sokoban shortcuts. Dungeon overview: The Dungeons of Doom: levels 1 to 3 Level 1 a long staircase Level 2 some altars a long staircase Level 3 <- You were here a general store, an altar, a fountain History has recorded: On T:1 you entered the Dungeons of Doom to retrieve the Amulet of Yendor! On T:465 you reached level 2 of The Dungeons of Doom. On T:511 you advanced to experience level 2. On T:687 you advanced to experience level 3. On T:1055 you received Magicbane from Thoth. On T:1151 you reached level 3 of The Dungeons of Doom. On T:1188 you advanced to experience level 4. On T:1370 you advanced to experience level 5. Latest messages: "For you, scum; only 400 for this scroll labeled ZELGO MER." J - a scroll labeled ZELGO MER (unpaid, 400 zorkmids). Angmagssalik zaps a wand of magic missile! The magic missile bounces! The magic missile misses Angmagssalik. The magic missile bounces! Angmagssalik zaps a porcelain wand! You see here a scroll labeled VELOX NEB (35 zorkmids). Angmagssalik zaps a wand of striking! Boing! Angmagssalik zaps a wand of striking! Boing! [HP+1=19] "For you, scum; only 35 for this scroll labeled VELOX NEB." K - a scroll labeled VELOX NEB (unpaid, 35 zorkmids). Angmagssalik zaps a wand of striking! Boing! You see here a scroll labeled KIRJE (178 zorkmids). Angmagssalik hits! (2x) You die... Angmagssalik takes all your possessions. Final status: Goodbye groovejumper the Wizard... You died in The Dungeons of Doom on dungeon level 3 with 920 points, and 0 pieces of gold, after 1541 moves. You were level 5 with a maximum of 34 hit points when you died.